 Dungeon Crawl Stone Soup version 0.24-a0-494-g17ce2c7 (webtiles) character file.

Game seed: 4427814068562096937

633 Espgualade the Chiller (level 7, -8/36 HPs)
             Began as a Tengu Ice Elementalist on July 12, 2019.
             Shot with an arrow by a centaur (9 damage)
             ... on level 4 of the Dungeon.
             The game lasted 00:09:11 (3610 turns).

Espgualade the Chiller (Tengu Ice Elementalist)     Turns: 3610, Time: 00:09:12

Health: -8/36      AC:  4    Str:  8    XL:     7   Next: 49%
Magic:  15/15      EV: 15    Int: 17    God:
Gold:   148        SH:  0    Dex: 15    Spells: 9/15 levels left

rFire    . . .     SeeInvis .   g - +1 whip (elec)
rCold    . . .     Gourm    .   (no shield)
rNeg     . . .     Faith    .   a - +0 robe
rPois    .         Spirit   .   (helmet restricted)
rElec    .         Reflect  .   l - +0 cloak
rCorr    .         Harm     .   p - +0 pair of gloves
MR       .....                  (boots unavailable)
Stlth    ++........             (no amulet)
HPRegen  0.12/turn              (no ring)
MPRegen  0.14/turn              (no ring)

@: about to teleport, very slightly contaminated, slowed, invisible, very slow
A: beak, talons 3, able to fly
a: Fly


You were on level 4 of the Dungeon.
You were not hungry.

You visited 1 branch of the dungeon, and saw 4 of its levels.

You collected 148 gold pieces.

Inventory:

Hand Weapons
 g - a +1 whip of electrocution (weapon)
 o - a +0 falchion
Armour
 a - a +0 robe (worn)
 l - a +0 cloak (worn)
 p - a +0 pair of gloves (worn)
Scrolls
 e - 3 scrolls of teleportation
 f - a scroll of fog
 i - 2 scrolls of remove curse
 j - a scroll of identify
Potions
 b - 2 potions of degeneration
 d - a potion of berserk rage
 s - a potion of magic
Comestibles
 c - 8 rations
 m - 2 chunks of flesh


   Skills:
 - Level 5.0 Dodging
 - Level 2.0 Stealth
 + Level 4.7 Spellcasting
 - Level 1.3 Conjurations
 - Level 5.1 Ice Magic


You had 9 spell levels left.
You knew the following spells:

 Your Spells              Type           Power        Failure   Level  Hunger
a - Freeze                Ice            ###.         1%          1    None
b - Throw Frost           Conj/Ice       ##....       6%          2    #......
c - Ozocubu's Armour      Chrm/Ice       ##......     16%         3    ###....

Your spell library contained the following spells:

 Spells                   Type           Power        Failure   Level  Hunger
 Throw Icicle             Conj/Ice       ##......     36%         4    ####...
 Summon Ice Beast         Ice/Summ       ##......     45%         4    ####...


Dungeon Overview and Level Annotations

Branches:
Dungeon (4/15)
 Temple: D:4-7

Altars:
Ru


Innate Abilities, Weirdness & Mutations

You have a beak for a mouth.
You have claws for feet.
You can fly continuously.


Message History

You feel yourself slow down.
The orc shouts!
You see here an arrow.
Okay, then.
As you read the scroll of fear, it crumbles to dust.
You assume a fearsome visage.
The quokka looks frightened!
The orc looks frightened! x2; The orc priest looks frightened!
The orc looks frightened! x2; The orc wizard looks frightened!
The scorpion looks frightened!
The centaur looks frightened!
The orc looks frightened!
You hear a shout!
The orc wizard casts a spell.
The orc wizard blinks!
It was a potion of invisibility.
You fade into invisibility!
An orc wizard comes into view. It is wielding a +0 dagger.
You are very lightly contaminated with residual magic.
As you read the scroll of teleportation, it crumbles to dust.
You feel strangely unstable.
The centaur shoots an arrow.
The arrow hits you!
You die...

.........(#....#.....#....
#.o##..##.(#....#.....#....
#. # #o.#....#.....#.... #
#.r######.....#.... #..o#
#.....#.... #...#
.....#.... #...# ##.## #@#
#..........# #........c.'8.
#### #...########8. #...
#... #... #.o #..# ## #..#
#... #...


You could see a centaur, an orc wizard (wandering), 2 orcs and a quokka
(fleeing).

Vanquished Creatures
  Sigmund (D:3)
  An ogre (D:4)
  A scorpion (D:4)
  A howler monkey (D:4)
  2 orc priests
  An iguana (D:4)
  2 orc wizards (D:3)
  Terence (D:2)
  A worker ant (D:4)
  6 adders
  2 oozes
  An adder skeleton (D:4)
  A worm (D:2)
  2 dart slugs
  9 orcs
  4 giant cockroaches
  2 goblins (D:3)
  3 hobgoblins
  7 kobolds
  3 quokkas (D:4)
  A ball python (D:2)
  9 bats
  5 frilled lizards
  5 rats
71 creatures vanquished.

Notes
Turn   | Place    | Note
-------+----------+-------------------------------------------
     0 | D:1      | Espgualade the Tengu Ice Elementalist began the quest for
                  | the Orb.
     0 | D:1      | Reached XP level 1. HP: 10/10 MP: 4/4
   276 | D:1      | Reached XP level 2. HP: 12/15 MP: 3/6
   898 | D:1      | Learned a level 2 spell: Throw Frost
   905 | D:2      | Found a sacrificial altar of Ru.
   955 | D:2      | Reached XP level 3. HP: 9/19 MP: 2/7
  1131 | D:2      | Noticed Terence
  1219 | D:2      | Learned a level 3 spell: Ozocubu's Armour
  1234 | D:2      | Killed Terence
  1281 | D:2      | Reached XP level 4. HP: 19/24 MP: 8/8
  1798 | D:3      | Reached skill level 5 in Ice Magic
  1798 | D:3      | Gained mutation: You can fly continuously. [Tengu growth]
  1798 | D:3      | Reached XP level 5. HP: 25/28 MP: 1/9
  1945 | D:3      | Noticed Sigmund
  1966 | D:3      | Killed Sigmund
  1966 | D:3      | Reached XP level 6. HP: 32/32 MP: 10/10
  2287 | D:3      | Reached skill level 5 in Dodging
  2843 | D:4      | Reached XP level 7. HP: 36/36 MP: 0/13
  3607 | D:4      | HP: 1/36 [centaur/arrow (12)]
  3610 | D:4      | Shot with an arrow by a centaur

Levels and vault maps discovered:
D:1:      psy_arrival_conway, layout_basic
D:2:      layout_loops_cross, nicolae_ru_awakened_eye, uniq_terence
D:3:      layout_basic, first_ration, uniq_sigmund
D:4:      layout_gridville, minmay_temple_entry_statues,
          biasface_ghost_orc_armoury

Skill      XL: |  1  2  3  4  5  6  7 |
---------------+----------------------+-----
Ice Magic      | 3 4 5 |  5.1
Dodging        | 4 5 |  5.0
Spellcasting   | 3 4 |  4.7
Stealth        | |  2.0
Conjurations   | |  1.3

Action                   |  1- 3 |  4- 6 |  7- 9 || total
-------------------------+-------+-------+-------++-------
Melee: Unarmed           |     2 |       |       ||     2
       Peck              |     4 |    11 |     2 ||    17
       Whip              |    28 |    73 |    13 ||   114
       Kick              |     5 |    12 |     3 ||    20
 Cast: Freeze            |    25 |    24 |    19 ||    68
       Throw Frost       |     2 |     5 |       ||     7
  Use: Scroll            |     3 |     9 |     2 ||    14
       Potion            |     1 |     4 |     2 ||     7
 Stab: Sleeping          |       |     4 |       ||     4
  Eat: Chunk             |     2 |     4 |     4 ||    10
Armor: Robe              |    15 |    26 |     3 ||    44
Dodge: Dodged            |    27 |    79 |    17 ||   123

Table legend:
 A = Non-vault XP
 B = Vault XP
 C = Vault XP percentage of total XP
 D = Non-vault monster count
 E = Vault monster count
 F = Vault count percentage of total count
                 A         B        C        D         E       F
            +---------+---------+-------+---------+---------+-------
      Total |     661 |     244 |  27.0 |      69 |       2 |   2.8
            +---------+---------+-------+---------+---------+-------
        D:1 |      20 |       0 |   0.0 |      12 |       0 |   0.0
        D:2 |      50 |      32 |  39.0 |      16 |       1 |   5.9
        D:3 |     198 |     212 |  51.7 |      23 |       1 |   4.2
        D:4 |     393 |       0 |   0.0 |      18 |       0 |   0.0
            +---------+---------+-------+---------+---------+-------
